 Dungeon Crawl Stone Soup version 0.24-a0-117-g53b5160 (webtiles) character file.

Game seed: 2760099697581199680

103 galech the Shield-Bearer (level 4, 18/35 HPs)
             Began as a Demonspawn Fighter on Feb 18, 2019.
             Quit the game on level 2 of the Dungeon.
             The game lasted 00:01:05 (1073 turns).

galech the Shield-Bearer (Demonspawn Fighter)       Turns: 1073, Time: 00:01:06

Health: 18/35      AC:  6    Str: 21    XL:     4   Next: 51%
Magic:  4/4        EV:  7    Int: 10    God:
Gold:   60         SH:  9    Dex: 13    Spells: 3/3 levels left

rFire    . . .     SeeInvis .   a - +0 war axe
rCold    . . .     Gourm    .   c - +0 shield
rNeg     . . .     Faith    .   b - +0 scale mail
rPois    .         Spirit   .   (helmet restricted)
rElec    .         Reflect  .   (no cloak)
rCorr    .         Harm     .   (no gloves)
MR       .....                  (no boots)
Stlth    ..........             (no amulet)
HPRegen  0.11/turn              (no ring)
MPRegen  0.09/turn              (no ring)

@: mighty
A: antennae 1, demonic guardian 1
a: no special abilities


You were on level 2 of the Dungeon.
You were not hungry.

You visited 1 branch of the dungeon, and saw 2 of its levels.

You collected 60 gold pieces.

Inventory:

Hand Weapons
 a - a +0 war axe (weapon)
Armour
 b - a +0 scale mail (worn)
 c - a +0 shield (worn)
Scrolls
 e - a scroll of identify {unknown}
 g - a scroll of magic mapping {unknown}
 k - a scroll of enchant weapon {unknown}
 n - a scroll of enchant armour {unknown}
Potions
 d - a potion of might
 i - a potion of berserk rage {unknown}
 j - a potion of lignification {unknown}
 l - 2 potions of curing {unknown}
 m - a potion of brilliance {unknown}
Comestibles
 f - 3 rations
 h - a chunk of flesh


   Skills:
 + Level 3.2 Fighting
 + Level 3.1 Axes
 + Level 3.0 Armour
 + Level 0.1 Dodging
 + Level 0.1 Stealth
 + Level 3.5 Shields


You had 3 spell levels left.
You didn't know any spells.
Your spell library was empty.

Dungeon Overview and Level Annotations

Branches:
Dungeon (2/15)

Altars:


Innate Abilities, Weirdness & Mutations

You have a pair of small antennae on your head.
A weak demonic guardian rushes to your aid.


Message History

You hit the rat.
You kill the rat!
The kobold throws a stone.
The stone hits you but does no damage.
You see here a rat corpse.
The kobold throws a stone.
The stone hits you but does no damage.
Found 12 gold pieces.
You see here a stone.
You are too injured to fight recklessly!
You are too injured to fight recklessly!
You are too injured to fight recklessly!
You block the hobgoblin's attack.
You slice the hobgoblin!!
You kill the hobgoblin!
You block the kobold's attack.
Items here: $ ) = † a +0 club; a +1 ring of slaying; 10 gold pieces; a hobgoblin corpse You slash the kobold!
You kill the kobold!
You see here a kobold corpse.
Are you sure you want to abandon this character and quit the game? (Confirm with "yes".)

.# .# .$ #.(. .# #...#
##.# # #...# ###.. . #
#...# ##...##.#.##
#####...####.##).#...?.
.........!.....@#....##
..............(........
...........%.†(%#....##
####..)####.##%.......
#...# ##...##>....
#...# ##### #.### #...#
##### .# #...# ##...##
. #...###.###.#####


There were no monsters in sight!

Vanquished Creatures
  A howler monkey (D:2)
  2 adders (D:2)
  3 dart slugs
  A leopard gecko (D:1)
  A giant cockroach (D:2)
  6 goblins (D:1)
  4 hobgoblins
  4 jackals (D:1)
  4 kobolds
  2 ball pythons (D:1)
  3 bats
  12 rats
43 creatures vanquished.

Notes
Turn   | Place    | Note
-------+----------+-------------------------------------------
     0 | D:1      | galech the Demonspawn Fighter began the quest for the Orb.
     0 | D:1      | Reached XP level 1. HP: 18/18 MP: 1/1
    76 | D:1      | Gained mutation: You have a pair of small antennae on your
                  | head. [demonic ancestry]
    76 | D:1      | Reached XP level 2. HP: 7/24 MP: 2/2
    78 | D:1      | HP: 1/24 [jackal (3)]
   511 | D:1      | Reached XP level 3. HP: 28/29 MP: 3/3
  1058 | D:2      | Gained mutation: A weak demonic guardian rushes to your
                  | aid. [demonic ancestry]
  1058 | D:2      | Reached XP level 4. HP: 16/35 MP: 4/4
  1073 | D:2      | Quit the game

Levels and vault maps discovered:
D:1:      dpeg_arrival_tiny_a, layout_basic, minmay_misc_feat_room
D:2:      layout_loops_cross, lemuel_crystal_altar, kennysheep_cluttered_room,
          minmay_mini_jars

Skill      XL: |  1  2  3  4 |
---------------+-------------+-----
Shields        | 3 |  3.5
Axes           | 2 3 |  3.1
Armour         | 3 |  3.0
Fighting       | |  3.2
Dodging        | |  0.1
Stealth        | |  0.1

Action                   |  1- 3 |  4- 6 || total
-------------------------+-------+-------++-------
Melee: War axe           |   102 |     4 ||   106
  Use: Potion            |     1 |       ||     1
  Eat: Chunk             |     1 |       ||     1
Armor: Scale mail        |    47 |     2 ||    49
Dodge: Dodged            |    26 |     1 ||    27
Block: Shield            |    63 |     4 ||    67

Table legend:
 A = Non-vault XP
 B = Vault XP
 C = Vault XP percentage of total XP
 D = Non-vault monster count
 E = Vault monster count
 F = Vault count percentage of total count
                 A         B        C        D         E       F
            +---------+---------+-------+---------+---------+-------
      Total |     148 |       0 |   0.0 |      43 |       0 |   0.0
            +---------+---------+-------+---------+---------+-------
        D:1 |      54 |       0 |   0.0 |      31 |       0 |   0.0
        D:2 |      94 |       0 |   0.0 |      12 |       0 |   0.0
            +---------+---------+-------+---------+---------+-------
